 Dungeon Sprint DCSS version 0.22.1-1-ga44c0e56f4 (webtiles) character file.

2447 MuseOD the Protected (level 9, -28/136 HPs)
             Began as a Minotaur Fighter on Oct 5, 2018.
             Was the Champion of the Shining One.
             Killed from afar by a crystal guardian (34 damage)
             ... with a crystal bolt
             ... in the Dungeon (Sprint V: "Ziggurat Sprint").
             The game lasted 00:09:03 (1713 turns).

MuseOD the Protected (Minotaur Fighter)             Turns: 1713, Time: 00:09:04

Health: -28/136    AC: 14    Str: 32    XL:     9   Next: 25%
Magic:  5/12       EV: 11    Int:  5    God:    the Shining One [******]
Gold:   0          SH: 14    Dex: 15    Spells: 8/8 levels left

rFire    . . .     SeeInvis .   a - +0 long sword
rCold    . . .     Gourm    .   c - +0 shield
rNeg     + + +     Faith    .   K - +5 scale mail "Maptillu" {+Fly Slay+2 Stlth+}
rPois    .         Spirit   .   (helmet restricted)
rElec    .         Reflect  .   (no cloak)
rCorr    +         Harm     .   (no gloves)
MR       .....     NoTele   +   (no boots)
Stlth    ..........             (no amulet)
HPRegen  0.32/turn              B - +6 ring of dexterity
MPRegen  0.13/turn              I - ring "Ibbepn" {rCorr rN+ Str+2}

@: berserking, glowing, very quick
A: retaliatory headbutt, horns 2
a: Divine Shield, Cleansing Flame, Summon Divine Warrior, Brand Weapon With Holy
Wrath, Renounce Religion, Evoke Flight


You were in the Dungeon.
You worshipped the Shining One.
The Shining One was exalted by your worship.
You were not hungry.

You visited 1 branch

Inventory:

Hand Weapons
 a - a +0 long sword (weapon)
 w - a +5 triple sword
Armour
 b - a +0 scale mail
 c - a +0 shield (worn)
 G - +5 gold dragon scales
 J - the +0 plate armour of Suomuer {rCorr Str+5 Dex+3}
   (You found it in the Dungeon)

   It affects your strength (+5).
   It affects your dexterity (+3).
   It provides partial protection from all sources of acid and corrosion.
 K - the +5 scale mail "Maptillu" (worn) {+Fly Slay+2 Stlth+}
   (You found it in the Dungeon)

   It affects your accuracy and damage with ranged weapons and melee attacks
   (+2).
   It lets you fly.
   It makes you more stealthy.
Jewellery
 A - a +6 ring of dexterity
 B - a +6 ring of dexterity (left hand)
 C - a +6 ring of intelligence
 D - a +6 ring of intelligence
 E - a +6 ring of strength
 F - a +6 ring of strength
 H - the ring of Qaceogaf {-Tele rF+ MR+ Int+4}
   (You found it in the Dungeon)

   [ring of protection from fire]

   It affects your intelligence (+4).
   It protects you from fire.
   It affects your resistance to hostile enchantments.
   It prevents most forms of teleportation.
 I - the ring "Ibbepn" (right hand) {rCorr rN+ Str+2}
   (You found it in the Dungeon)

   [ring of resist corrosion]

   It affects your strength (+2).
   It protects you from negative energy.
 L - the ring of the Invisible Beds {rF+ rC+}
   (You found it in the Dungeon)

   [ring of protection from fire]

   It protects you from fire.
   It protects you from cold.
 M - an uncursed ring of protection from magic
 N - an uncursed ring of magical power
Wands
 x - a wand of disintegration (7)
 y - a wand of iceblast (4)
 z - a wand of acid (4)
Scrolls
 k - 4 scrolls of blinking
 q - 4 scrolls of amnesia
 r - 7 scrolls of fog
 s - a scroll of holy word
 t - 5 scrolls of identify
 u - 4 scrolls of remove curse
 v - 2 scrolls of fear
Potions
 d - 6 potions of might
 e - 9 potions of curing
 g - 6 potions of heal wounds
 h - 6 potions of haste
 i - 7 potions of magic
 j - 2 potions of berserk rage
 l - 2 potions of brilliance
 m - 2 potions of invisibility
 n - 4 potions of resistance
 o - a potion of experience
 p - 5 potions of agility
Comestibles
 f - 7 rations


   Skills:
 + Level 12.4 Fighting
 * Level 12.2 Long Blades
 + Level 12.5 Armour
 - Level 2.8 Dodging
 + Level 12.4 Shields
 + Level 5.3 Invocations
 - Level 0.1 Evocations


You had 8 spell levels left.
You didn't know any spells.
Your spell library was empty.

Dungeon Overview and Level Annotations

Branches:
Dungeon (1/1)

Altars:
Ashenzari
Cheibriados
Dithmenos
Elyvilon
Fedhas
Gozag
Hepliaklqana
Kikubaaqudgha
Makhleb
Nemelex Xobeh
Okawaru
Qazlal
Ru
Sif Muna
Trog
Uskayaw
Vehumet
Wu Jian
Xom
Yredelemnul
Zin
The Shining One
Beogh
Jiyva
Lugonu

Annotations:
D 1 transporter


Innate Abilities, Weirdness & Mutations

You reflexively headbutt those who attack you in melee.
You have a pair of horns on your head.


Message History

The iron golem hits you but does no damage.
The earth elemental closely misses your angel.
Unknown command.
You hit the iron golem but do no damage.
You headbutt the iron golem, but do no damage.
The iron golem is severely damaged.
Your angel hits the iron dragon but does no damage.
Your angel hits the iron dragon with a whip of holy wrath!
The stone giant hits you!!!
* * * LOW HITPOINT WARNING * * *
The earth elemental hits you.
* * * LOW HITPOINT WARNING * * *
The crystal guardian fires a crystalline bolt at you.
The crystal bolt misses you.
You slash the stone giant! You headbutt the stone giant.
The stone giant is lightly wounded.
The crystal guardian fires a crystalline bolt at you.
The crystal bolt freezes the iron golem.
The iron golem completely resists.
The crystal bolt freezes you!
You die...

▓▓▓▓▓▓▓▓▓▓▓▓▓▓▓▓▓▓▓
▓...8©8...▓...8©8...▓
▓..:))[:..▓..}}[):..▓
▓..[=})|..▓...|[)|..▓
▓....E....▓.........▓
▓..EDE....▓..))))...▓
▓...A88...▓....))...▓
▓...E8C8..▓.........▓
▓....@....▓.▓.....▓.▓
▓....(....▓....©....▓
▓....©....▓▓▓▓▓▓▓▓▓▓▓
▓▓▓▓▓▓▓▓▓▓▓


You could see 2 iron golems, an iron dragon, a stone giant, 2 crystal guardians,
4 earth elementals and a friendly angel.

Vanquished Creatures
  3 polar bears (D)
  8 orc warriors (D)
  An ice beast (D)
  A porcupine (D)
  A necrophage (D)
  A phantom (D)
  A wolf (D)
  4 scorpions (D)
  5 orc wizards (D)
  7 orc priests (D)
  2 iguanas (D)
  3 white imps (D)
  An adder skeleton (D)
  An adder simulacrum (D)
  10 orcs (D)
  A bat skeleton (D)
  2 jackals (D)
  A giant cockroach zombie (D)
  A jackal zombie (D)
54 creatures vanquished.

Notes
Turn   | Place    | Note
-------+----------+-------------------------------------------
     0 | D        | Found the +6 Majin-Bo {vamp, Archmagi MP+6 Int+6}
     0 | D        | Found the +7 great mace "Firestarter" {inner flame, rF++}
     0 | D        | MuseOD the Minotaur Fighter began the quest for the Orb.
     0 | D        | Reached XP level 1. HP: 19/19 MP: 0/0
     0 | D        | Found a deep blue altar of Sif Muna.
     0 | D        | Found a bloodstained altar of Trog.
     0 | D        | Found a sacrificial altar of Ru.
     0 | D        | Found a stormy altar of Qazlal.
     0 | D        | Found an iron altar of Okawaru.
     1 | D        | Found a sparkling altar of Nemelex Xobeh.
     1 | D        | Found a blossoming altar of Fedhas.
     3 | D        | Found a transporter.
     3 | D        | Found an ancient bone altar of Kikubaaqudgha.
     3 | D        | Found a viscous altar of Jiyva.
     3 | D        | Found a corrupted altar of Lugonu.
     3 | D        | Found a hazy altar of Hepliaklqana.
     3 | D        | Found a burning altar of Makhleb.
     3 | D        | Found an opulent altar of Gozag.
    39 | D        | Became a worshipper of the Shining One
    53 | D        | Found the +9 heavy crossbow "Sniper" {velocity, Acc+∞ SInv}
    53 | D        | Found the +10 dark maul {crush}
    53 | D        | Found the +15 Maxwell's patent armour {-Cast -Tele rElec
                  | MR+ rCorr}
    53 | D        | Found the +18 shield of the Gong {rElec rN+ MR+ EV-5}
    53 | D        | Found the cursed +14 obsidian axe {chop, +Fly SInv *Curse}
    54 | D        | Found the +6 shillelagh "Devastator" {shatter}
    54 | D        | Found the +11 plutonium sword {*Contam Stlth-}
    54 | D        | Found the +8 lance "Wyrmbane" {slay drac, rPois rF+ rC+
                  | AC+3}
    54 | D        | Found the +9 sword of Zonguldrok {reap}
    54 | D        | Found the cursed +13 scythe of Curses {drain, *Curse}
    54 | D        | Found the +0 sword of Power
    54 | D        | Found the +7 mace of Variability {chain chaos}
    54 | D        | Found the +7 Singing Sword
    54 | D        | Found the +7 longbow "Piercer" {penet, EV-2}
    60 | D        | Entered arena 2.
    60 | D        | Noticed a porcupine
    60 | D        | Found a transporter.
    62 | D        | Killed a porcupine
    62 | D        | Reached XP level 2. HP: 31/31 MP: 1/1
    62 | D        | Reached XP level 3. HP: 38/38 MP: 2/2
    62 | D        | Reached XP level 4. HP: 45/45 MP: 3/3
   170 | D        | Entered arena 3.
   170 | D        | Reached * piety under the Shining One
   170 | D        | Noticed an ice beast
   170 | D        | Noticed a polar bear
   170 | D        | Found a transporter.
   177 | D        | Killed an ice beast
   177 | D        | Reached XP level 5. HP: 31/56 MP: 4/4
   186 | D        | HP: 2/56 [polar bear (6)]
   191 | D        | Killed a polar bear
   191 | D        | Reached skill level 1 in Dodging
   191 | D        | Reached XP level 6. HP: 24/66 MP: 5/5
   580 | D        | Entered arena 4.
   580 | D        | Reached ** piety under the Shining One
   580 | D        | Found a transporter.
   585 | D        | Reached skill level 10 in Fighting
   585 | D        | Reached skill level 10 in Armour
   585 | D        | Reached skill level 10 in Shields
   588 | D        | Reached XP level 7. HP: 44/72 MP: 6/6
   596 | D        | Got the ring of Qaceogaf {-Tele rF+ MR+ Int+4}
   715 | D        | Entered arena 5.
   715 | D        | Found a transporter.
  1004 | D        | Entered arena 6.
  1004 | D        | Reached *** piety under the Shining One
  1004 | D        | Noticed a polar bear
  1004 | D        | Noticed a polar bear
  1004 | D        | Reached **** piety under the Shining One
  1004 | D        | Found a transporter.
  1008 | D        | Killed a polar bear
  1008 | D        | Reached skill level 1 in Invocations
  1011 | D        | Killed a polar bear
  1011 | D        | Reached XP level 8. HP: 75/82 MP: 6/8
  1013 | D        | Reached ***** piety under the Shining One
  1030 | D        | Entered arena 7.
  1032 | D        | Reached ****** piety under the Shining One
  1033 | D        | Found a transporter.
  1044 | D        | Reached skill level 10 in Long Blades
  1050 | D        | Got the ring "Ibbepn" {rCorr rN+ Str+2}
  1066 | D        | Entered arena 8.
  1067 | D        | Found a transporter.
  1129 | D        | Got the cursed +0 plate armour of Suomuer {rCorr Str+5
                  | Dex+3}
  1142 | D        | Entered arena 9.
  1143 | D        | Found a transporter.
  1426 | D        | Got the +5 scale mail "Maptillu" {+Fly Slay+2 Stlth+}
  1440 | D        | Entered arena 10.
  1441 | D        | Found a transporter.
  1445 | D        | Reached XP level 9. HP: 90/90 MP: 5/11
  1453 | D        | Got the ring of the Invisible Beds {rF+ rC+}
  1503 | D        | Entered arena 11.
  1504 | D        | Found a transporter.
  1509 | D        | Reached skill level 5 in Invocations
  1701 | D        | Entered arena 12.
  1701 | D        | Noticed a stone giant
  1701 | D        | Noticed a crystal guardian
  1701 | D        | Noticed an iron golem
  1701 | D        | Noticed a crystal guardian
  1701 | D        | Noticed an iron dragon
  1702 | D        | Noticed an iron golem
  1707 | D        | Found a transporter.
  1712 | D        | HP: 6/136 [earth elemental (6)]
  1713 | D        | Killed from afar by a crystal guardian

Skill      XL: |  1  2  3  4  5  6  7  8  9 |
---------------+----------------------------+-----
Fighting       | 6 8 9 10 11 12 | 12.4
Long Blades    | 3 4 6 9 11 12 | 12.2
Armour         | 6 8 9 10 11 12 | 12.5
Shields        | 6 8 9 10 11 12 | 12.4
Dodging        | 1 2 |  2.8
Invocations    | 2 4 5 |  5.3
Evocations     | |  0.1

Action                   |  1- 3 |  4- 6 |  7- 9 || total
-------------------------+-------+-------+-------++-------
Melee: Long sword        |     1 |    24 |    78 ||   103
       Headbutt          |     1 |     6 |    26 ||    33
Invok: Cleansing Flame   |       |       |     4 ||     4
       Summon Divine War |       |       |     1 ||     1
Evoke: Wand              |       |     1 |     5 ||     6
  Use: Potion            |       |     3 |     3 ||     6
       Scroll            |       |       |     1 ||     1
  Eat: Ration            |       |       |     1 ||     1
Armor: Scale mail        |     1 |    17 |    18 ||    36
       Plate armour      |       |       |    11 ||    11
Dodge: Dodged            |       |    22 |    38 ||    60
Block: Shield            |       |    24 |    65 ||    89
       Rpst.: Long sword |       |     2 |     9 ||    11
